 Dungeon Crawl Stone Soup version 0.14-a0-1330-g3eed206 (webtiles) character file.

125 MackTheKnife the Poker (level 3, -2/27 HPs)
             Began as a Merfolk Death Knight on Dec 6, 2013.
             Was a Believer of Yredelemnul.
             Killed from afar by Sigmund (5 damage)
             ... with a puff of flame
             ... on Level 2 of the Dungeon.
             The game lasted 00:02:31 (1279 turns).

MackTheKnife the Poker (Merfolk Death Knight)       Turns: 1279, Time: 00:02:31

HP  -2/27        AC  3     Str 13      XL: 3   Next: 54%
MP   5/5         EV 16     Int  7 (10) God: Yredelemnul [**....]
Gold 83          SH  0     Dex 19      Spells:  0 memorised,  2 levels left

rFire  . . .     SeeInvis .     a - +1 spear
rCold  . . .     Clarity  .     b - +0 leather armour
rNeg   . . .     Conserve .     (no shield)
rPois  .         rCorr    .     (no helmet)
rElec  .         rRot     .     (no cloak)
SustAb . .       Spirit   .     (no gloves)
rMut   .         Warding  .     (no boots)
Saprov . . .     Stasis   .     (no amulet)
                                (no ring)
                                (no ring)

@: confused, agile, very slightly contaminated, not resistant to hostile
enchantments, unstealthy
A: change form in water, swift swim
a: Animate Remains, Recall Undead Slaves, Injury Mirror, Renounce Religion


You were on level 2 of the Dungeon.
You worshipped Yredelemnul.
Yredelemnul was pleased with you.
You were not hungry.

You visited 1 branch of the dungeon, and saw 2 of its levels.

You collected 83 gold pieces.


   Skills:
 - Level 2.1 Fighting
 + Level 5.5 Polearms
 - Level 0.6 Armour
 - Level 1.3 Dodging
 - Level 3.0 Invocations


You had 2 spell levels left.
You didn't know any spells.

Inventory:

Hand weapons
 a - a +1,+1 spear (weapon)
 m - a +2,+1 short sword of venom
Armour
 b - a +0 leather armour (worn)
Comestibles
 c - a bread ration
 f - a meat ration
Scrolls
 j - a scroll of identify {unknown}
 k - a scroll of recharging {unknown}
 l - a scroll of enchant armour {unknown}
 n - a scroll of teleportation {unknown}
 q - a scroll of random uselessness {unknown}

▒·▒ ▒··▒ ▒·▒ ▒··▒ ▒·▒ ▒··▒ ▒
▒·▒ ▒··▒ ▒·▒·▒ ▒··▒
▒▒·▒·▒▒▒▒▒▒▒ ▒▒▒▒▒▒▒▒··▒▒
▒·······?··K· ············
▒····▒▒▒▒▒▒▒▒▒▒▒▒▒▒▒▒······
▒······g··m············(···
·······▒▒▒▒▒▒▒▒▒▒▒▒▒▒▒▒▒······
······· ▒·!···· ·······
▒▒▒▒▒▒▒▒▒▒▒······ ······
·········(<······ ··▒▒▒
▒▒▒▒▒▒▒▒▒▒▒······ · ▒······
▒▒▒▒▒▒▒


You could see a goblin (inner flame).


Message History

You hear some strange, mumbled words.
You are confused.
Drink which item? (? for menu, Esc to quit)
That liquid tasted very nasty...
You are poisoned.
It was a potion of poison.
Drink which item? (? for menu, Esc to quit)
You feel better.
It was a potion of curing.
The magic dart hits you!
You hear some strange, mumbled words.
You are confused.
Drink which item? (? for menu, Esc to quit)
Okay, then.
You're too confused!
Drink which item? (? for menu, Esc to quit)
You feel agile all of a sudden.
It was a potion of agility.
Ouch! It hits you!
* * * LOW HITPOINT WARNING * * *
Ouch! It barely misses you.
Unknown command.
Ouch! The magic dart hits you!
* * * LOW HITPOINT WARNING * * *
You aren't carrying any potions.
Unknown command.
Ouch! You hear some strange, mumbled words.
The puff of flame hits you!
Your scroll labeled HUISUNNOIX catches fire!
You die...
Your body rises from the dead as a mindless zombie.

Action                   || total
-------------------------++-------
Melee: Spear             ||   101
Invok: Animate Remains   ||     3
  Use: Potion            ||     6
       Scroll            ||     3
 Stab: Sleeping          ||     2

Vault maps used:
D:1:      dpeg_entry_snail
D:2:      elyvilon_altar_4, uniq_sigmund, uniq_crazy_yiuf_cottage, uniq_iyjb

Notes
Turn   | Place    | Note
--------------------------------------------------------------
     0 | D:1      | MackTheKnife, the Merfolk Death Knight, began the quest for the Orb.
     0 | D:1      | Reached XP level 1. HP: 16/16 MP: 2/2
   305 | D:1      | Reached skill level 4 in Polearms
   305 | D:1      | Reached XP level 2. HP: 22/22 MP: 3/3
  1140 | D:1      | Reached XP level 3. HP: 27/27 MP: 5/5
  1158 | D:2      | Noticed Ijyb
  1194 | D:2      | Killed Ijyb
  1194 | D:2      | Reached skill level 5 in Polearms
  1195 | D:2      | Acquired Yredelemnul's second power
  1263 | D:2      | Noticed Sigmund
  1279 | D:2      | Killed from afar by Sigmund

Vanquished Creatures
  Ijyb (D:2)
  An ooze (D:1)
  3 bats (D:1)
  3 goblins (D:1)
  A hobgoblin (D:1)
  A ball python (D:1)
  2 giant cockroaches (D:1)
  A giant newt (D:1)
  3 jackals (D:1)
  5 kobolds
  2 rats (D:1)
23 creatures vanquished.

Vanquished Creatures (others)
  A giant newt zombie (D:2)
1 creature vanquished.

Grand Total: 24 creatures vanquished
